TOP OF THE 1ST |
Wisconsin Timber Rattlers batting - Pitching for Peoria Chiefs : RHP Derrick Easley
|
Pitching: RHP Derrick Easley
|
|
Batting: RHB Chris Maul
|
0-0: Called Strike 0-1: Swinging Strike 0-2: Ball 1-2: Ball 2-2: Foul Ball, location: 2F 2-2: Ball 3-2: Strikes out looking
|
Batting: RHB Ryan Miller
|
0-0: Ball 1-0: Ball 2-0: Called Strike 2-1: Ball 3-1: Base on Balls
|
Batting: LHB Tyler Francis
|
0-0: Ball Passed Ball! Ryan Miller to second 1-0: Ball 2-0: Ball 3-0: Base on Balls
|
Batting: SHB Jerry Duffy
|
0-0: Ball 1-0: Called Strike 1-1: Foul Ball, location: 2F 1-2: 3-RUN HOME RUN (Flyball, 9D, EV 94.4 MPH), Distance : 369 ft
|
Batting: RHB Alfredo Sena
|
0-0: Ball 1-0: Ball 2-0: Ball 3-0: Called Strike 3-1: Base on Balls
|
Batting: LHB Karel Hort
|
0-0: Called Strike 0-1: Foul Ball, location: 2F 0-2: Foul Ball, location: 2F 0-2: Ball 1-2: Strikes out swinging
|
Batting: SHB Robert Sayer
|
0-0: Called Strike 0-1: Ball 1-1: Fly out, F8 (Flyball, 8RD, EV 106.2 MPH)
|
Top of the 1st over - 3 runs, 1 hit, 0 errors, 1 left on base; Wisconsin 3 - Peoria 0 |
BOTTOM OF THE 1ST |
Peoria Chiefs batting - Pitching for Wisconsin Timber Rattlers : RHP Cesar Pulido
|
Pitching: RHP Cesar Pulido
|
|
Batting: RHB Tommy Tracy
|
0-0: Swinging Strike 0-1: Foul Ball, location: 2F 0-2: Ball 1-2: Strikes out looking
|
Batting: RHB Jose Jimenez
|
0-0: Ball 1-0: Ball 2-0: Foul Ball, location: 2F 2-1: Ball 3-1: Swinging Strike 3-2: Ground out 6-3 (Groundball, 6, EV 80.0 MPH)
|
Batting: RHB Robby Hickman
|
0-0: Called Strike 0-1: Called Strike 0-2: Ball 1-2: Foul Ball, location: 2F 1-2: Fly out, F7 (Flyball, 78M, EV 88.8 MPH)
|
Bottom of the 1st over - 0 runs, 0 hits, 0 errors, 0 left on base; Wisconsin 3 - Peoria 0 |
TOP OF THE 2ND |
Wisconsin Timber Rattlers batting - Pitching for Peoria Chiefs : RHP Derrick Easley
|
Batting: RHB Wiliama Dana
|
0-0: Called Strike 0-1: Ball 1-1: Called Strike 1-2: Foul Ball, location: 2F 1-2: Foul Ball, location: 2F 1-2: Ground out 4-3 (Groundball, 4, EV 105.6 MPH)
|
Batting: RHB Michael Dickerson
|
0-0: Called Strike 0-1: Foul Ball, location: 2F 0-2: Foul Ball, location: 2F 0-2: Ball 1-2: Strikes out looking
|
Batting: RHB Chris Maul
|
0-0: Ball 1-0: Ball 2-0: Called Strike 2-1: Ball 3-1: Foul Ball, location: 2F 3-2: Base on Balls
|
Batting: RHB Ryan Miller
|
0-0: Ball Chris Maul steals 2nd base (no throw) 1-0: Called Strike 1-1: Ball 2-1: Swinging Strike 2-2: Foul Ball, location: 2F 2-2: SINGLE (Flyball, 4D, EV 83.8 MPH) Chris Maul to third Runner from 3rd tries for Home, SAFE, throw by CF to home Ryan Miller to second
|
Batting: LHB Tyler Francis
|
0-0: Foul Ball, location: 2F 0-1: Called Strike 0-2: Strikes out swinging
|
Top of the 2nd over - 1 run, 1 hit, 0 errors, 1 left on base; Wisconsin 4 - Peoria 0 |
BOTTOM OF THE 2ND |
Peoria Chiefs batting - Pitching for Wisconsin Timber Rattlers : RHP Cesar Pulido
|
Batting: RHB Bobby Miles
|
0-0: Fly out, F8 (Flyball, 8RD, EV 103.8 MPH)
|
Batting: RHB Sam Daw
|
0-0: SINGLE (Groundball, 6D, EV 95.6 MPH)
|
Batting: RHB Workneh Lagat
|
0-0: Ball 1-0: Called Strike Sam Daw steals 2nd base 1-1: Foul Ball, location: 2F 1-2: Fly out, F9 (Line Drive, 89M, EV 105.6 MPH)
|
Batting: RHB Roberto Ruiz
|
0-0: Ball 1-0: Ball 2-0: Ball 3-0: Called Strike 3-1: Foul Ball, location: 2F 3-2: Base on Balls
|
Batting: RHB Edgar Landim
|
0-0: Called Strike 0-1: Ball 1-1: Swinging Strike 1-2: Ball 2-2: Strikes out swinging
|
Bottom of the 2nd over - 0 runs, 1 hit, 0 errors, 2 left on base; Wisconsin 4 - Peoria 0 |
TOP OF THE 3RD |
Wisconsin Timber Rattlers batting - Pitching for Peoria Chiefs : RHP Derrick Easley
|
Batting: SHB Jerry Duffy
|
0-0: Ground out 4-3 (Groundball, 4, EV 108.1 MPH)
|
Batting: RHB Alfredo Sena
|
0-0: Ball 1-0: Swinging Strike 1-1: Called Strike 1-2: Strikes out swinging
|
Batting: LHB Karel Hort
|
0-0: Called Strike 0-1: Ball 1-1: Ball 2-1: Ball 3-1: Base on Balls
|
Batting: SHB Robert Sayer
|
0-0: Swinging Strike 0-1: Called Strike 0-2: Ball 1-2: Foul Ball, location: 2F 1-2: Ball 2-2: Strikes out swinging
|
Top of the 3rd over - 0 runs, 0 hits, 0 errors, 1 left on base; Wisconsin 4 - Peoria 0 |
BOTTOM OF THE 3RD |
Peoria Chiefs batting - Pitching for Wisconsin Timber Rattlers : RHP Cesar Pulido
|
Batting: RHB Kyle Burns
|
0-0: Foul Ball, location: 2F 0-1: Foul Ball, location: 2F 0-2: Foul Ball, location: 2F 0-2: Foul Ball, location: 2F 0-2: Ball 1-2: Strikes out swinging
|
Batting: RHB Tommy Tracy
|
0-0: Called Strike 0-1: Fly out, F9 (Flyball, 89S, EV 91.2 MPH)
|
Batting: RHB Jose Jimenez
|
0-0: Ball 1-0: Ball 2-0: Called Strike 2-1: Ball 3-1: Base on Balls
|
Batting: RHB Robby Hickman
|
0-0: Called Strike 0-1: Swinging Strike 0-2: Ball Jose Jimenez is caught stealing 2nd base 2-4
|
Bottom of the 3rd over - 0 runs, 0 hits, 0 errors, 0 left on base; Wisconsin 4 - Peoria 0 |
TOP OF THE 4TH |
Wisconsin Timber Rattlers batting - Pitching for Peoria Chiefs : RHP Derrick Easley
|
Batting: RHB Wiliama Dana
|
0-0: Called Strike 0-1: Ball 1-1: Ball 2-1: Foul Ball, location: 2F 2-2: Strikes out swinging
|
Batting: RHB Michael Dickerson
|
0-0: Ball 1-0: Called Strike 1-1: Ball 2-1: Called Strike 2-2: Fly out, F7 (Line Drive, 7S, EV 100.6 MPH)
|
Batting: RHB Chris Maul
|
0-0: Ball 1-0: Foul Ball, location: 2F 1-1: Swinging Strike 1-2: Ball 2-2: Strikes out swinging
|
Top of the 4th over - 0 runs, 0 hits, 0 errors, 0 left on base; Wisconsin 4 - Peoria 0 |
BOTTOM OF THE 4TH |
Peoria Chiefs batting - Pitching for Wisconsin Timber Rattlers : RHP Cesar Pulido
|
Batting: RHB Robby Hickman
|
0-0: Called Strike 0-1: Ground out 4-3 (Groundball, 4, EV 83.8 MPH)
|
Batting: RHB Bobby Miles
|
0-0: Called Strike 0-1: Ground out 6-3 (Groundball, 6, EV 83.1 MPH)
|
Batting: RHB Sam Daw
|
0-0: Called Strike 0-1: Foul Ball, location: 2F 0-2: Fly out, F6 (Popup, 6M, EV 74.4 MPH)
|
Bottom of the 4th over - 0 runs, 0 hits, 0 errors, 0 left on base; Wisconsin 4 - Peoria 0 |
TOP OF THE 5TH |
Wisconsin Timber Rattlers batting - Pitching for Peoria Chiefs : RHP Derrick Easley
|
Pitching: LHP John Pedlar
|
|
Batting: RHB Ryan Miller
|
0-0: Called Strike 0-1: Called Strike 0-2: Strikes out swinging
|
Batting: LHB Tyler Francis
|
0-0: Ball 1-0: Swinging Strike 1-1: Swinging Strike 1-2: Strikes out looking
|
Batting: SHB Jerry Duffy
|
0-0: Called Strike 0-1: Swinging Strike 0-2: Strikes out looking
|
Top of the 5th over - 0 runs, 0 hits, 0 errors, 0 left on base; Wisconsin 4 - Peoria 0 |
BOTTOM OF THE 5TH |
Peoria Chiefs batting - Pitching for Wisconsin Timber Rattlers : RHP Cesar Pulido
|
Batting: RHB Workneh Lagat
|
0-0: Called Strike 0-1: Ball 1-1: Ball 2-1: Ball 3-1: Swinging Strike 3-2: Strikes out swinging, 2-3 out at first.
|
Batting: RHB Roberto Ruiz
|
0-0: Ball 1-0: Ball 2-0: Ball 3-0: Called Strike 3-1: Base on Balls
|
Batting: RHB Edgar Landim
|
0-0: Called Strike 0-1: Ball 1-1: Ball 2-1: Foul Ball, location: 2F 2-2: Ball 3-2: Strikes out looking
|
Batting: RHB Kyle Burns
|
0-0: Ball 1-0: Ball 2-0: Ball 3-0: Base on Balls Roberto Ruiz to second
|
Batting: RHB Tommy Tracy
|
0-0: Ball 1-0: Called Strike 1-1: Foul Ball, location: 2F 1-2: Ball 2-2: SINGLE (Groundball, 4MD, EV 103.8 MPH) Roberto Ruiz to third Kyle Burns to second Runner from 3rd tries for Home, SAFE, throw by CF to home
|
Batting: RHB Jose Jimenez
|
0-0: Foul Ball, location: 2F 0-1: Ball 1-1: SINGLE (Groundball, 56S, EV 71.9 MPH) (infield hit) Kyle Burns to third Tommy Tracy to second
|
Batting: RHB Robby Hickman
|
0-0: Ball 1-0: Ball 2-0: Ground out 4-3 (Groundball, 4, EV 83.1 MPH)
|
Bottom of the 5th over - 1 run, 2 hits, 0 errors, 3 left on base; Wisconsin 4 - Peoria 1 |
TOP OF THE 6TH |
Wisconsin Timber Rattlers batting - Pitching for Peoria Chiefs : LHP John Pedlar
|
Batting: RHB Alfredo Sena
|
0-0: Ball 1-0: Ball 2-0: Called Strike 2-1: Foul Ball, location: 2F 2-2: Ball 3-2: Base on Balls
|
Batting: LHB Karel Hort
|
0-0: Ball 1-0: Called Strike 1-1: Ball 2-1: Foul Ball, location: 2F 2-2: Foul Ball, location: 2F 2-2: 2-RUN HOME RUN (Flyball, 7LD, EV 91.9 MPH), Distance : 336 ft
|
Batting: SHB Robert Sayer
|
0-0: Ball 1-0: Swinging Strike 1-1: Ground out 3-1 (Groundball, 34S, EV 86.2 MPH)
|
Batting: RHB Wiliama Dana
|
0-0: Ball 1-0: Called Strike 1-1: Foul Ball, location: 2F 1-2: Ball 2-2: Strikes out swinging
|
Batting: RHB Michael Dickerson
|
0-0: Called Strike 0-1: SINGLE (Groundball, 34D, EV 95.0 MPH)
|
Batting: RHB Chris Maul
|
0-0: Ball 1-0: Ball 2-0: Called Strike 2-1: Ground out 5-3 (Groundball, 56, EV 105.6 MPH)
|
Top of the 6th over - 2 runs, 2 hits, 0 errors, 1 left on base; Wisconsin 6 - Peoria 1 |
BOTTOM OF THE 6TH |
Peoria Chiefs batting - Pitching for Wisconsin Timber Rattlers : RHP Cesar Pulido
|
Pitching: LHP Tim Phillips
|
|
Batting: RHB Bobby Miles
|
0-0: Ball 1-0: Foul Ball, location: 2F 1-1: Ground out 6-3 (Groundball, 6MD, EV 93.1 MPH)
|
Batting: RHB Sam Daw
|
0-0: Called Strike 0-1: Ball 1-1: Fly out, F7 (Flyball, 7, EV 90.6 MPH)
|
Batting: RHB Workneh Lagat
|
0-0: DOUBLE (Flyball, 78XD, EV 112.5 MPH)
|
Batting: RHB Roberto Ruiz
|
0-0: Ball Wild Pitch! Workneh Lagat to third 1-0: Called Strike 1-1: Foul Ball, location: 2F 1-2: Strikes out swinging
|
Bottom of the 6th over - 0 runs, 1 hit, 0 errors, 1 left on base; Wisconsin 6 - Peoria 1 |
TOP OF THE 7TH |
Wisconsin Timber Rattlers batting - Pitching for Peoria Chiefs : LHP John Pedlar
|
Batting: RHB Ryan Miller
|
0-0: DOUBLE (Flyball, 89D, EV 103.1 MPH)
|
Batting: LHB Tyler Francis
|
0-0: Ball 1-0: SINGLE (Flyball, 78S, EV 90.6 MPH) Ryan Miller to third Runner from 3rd tries for Home, SAFE, throw by CF to home
|
Pitching: RHP Alex Apolinar
|
|
Batting: SHB Jerry Duffy
|
0-0: Called Strike 0-1: Ball 1-1: Ball 2-1: Ball 3-1: 2-RUN HOME RUN (Flyball, 9D, EV 98.8 MPH), Distance : 360 ft
|
Pinch Hitting: LHB John Fortin
|
0-0: Ball 1-0: Ball 2-0: Ground out 4-3 (Groundball, 4, EV 81.2 MPH)
|
Batting: LHB Karel Hort
|
0-0: Called Strike 0-1: Called Strike 0-2: Ball 1-2: Strikes out swinging
|
Batting: SHB Robert Sayer
|
0-0: Ball 1-0: Called Strike 1-1: Swinging Strike 1-2: Ball 2-2: Foul Ball, location: 2F 2-2: Ball 3-2: Foul Ball, location: 2F 3-2: Foul Ball, location: 2F 3-2: Strikes out swinging
|
Top of the 7th over - 3 runs, 3 hits, 0 errors, 0 left on base; Wisconsin 9 - Peoria 1 |
BOTTOM OF THE 7TH |
Peoria Chiefs batting - Pitching for Wisconsin Timber Rattlers : LHP Tim Phillips
|
Now in CF: John Fortin
|
|
Batting: RHB Edgar Landim
|
0-0: Swinging Strike 0-1: Foul Ball, location: 2F 0-2: Strikes out swinging
|
Batting: RHB Kyle Burns
|
0-0: Ball 1-0: Called Strike 1-1: Called Strike 1-2: Strikes out swinging
|
Batting: RHB Tommy Tracy
|
0-0: Called Strike 0-1: Swinging Strike 0-2: DOUBLE (Flyball, 8RXD, EV 93.1 MPH)
|
Batting: RHB Jose Jimenez
|
0-0: Ball 1-0: Called Strike 1-1: Called Strike 1-2: Strikes out swinging
|
Bottom of the 7th over - 0 runs, 1 hit, 0 errors, 1 left on base; Wisconsin 9 - Peoria 1 |
TOP OF THE 8TH |
Wisconsin Timber Rattlers batting - Pitching for Peoria Chiefs : RHP Alex Apolinar
|
Batting: RHB Wiliama Dana
|
0-0: Ground out 5-3 (Groundball, 5L, EV 100.0 MPH)
|
Batting: RHB Michael Dickerson
|
0-0: Called Strike 0-1: Ground out 4-3 (Groundball, 34, EV 88.1 MPH)
|
Batting: RHB Chris Maul
|
0-0: Foul Ball, location: 2F 0-1: Foul Ball, location: 2F 0-2: Fly out, F7 (Flyball, 7LMF, EV 88.1 MPH)
|
Top of the 8th over - 0 runs, 0 hits, 0 errors, 0 left on base; Wisconsin 9 - Peoria 1 |
BOTTOM OF THE 8TH |
Peoria Chiefs batting - Pitching for Wisconsin Timber Rattlers : LHP Tim Phillips
|
Batting: RHB Robby Hickman
|
0-0: Called Strike 0-1: Ball 1-1: Ball 2-1: Ball 3-1: Base on Balls
|
Pitching: LHP Billy Rojas
|
|
Batting: RHB Bobby Miles
|
0-0: Ball 1-0: Ball 2-0: Ball 3-0: Base on Balls Robby Hickman to second
|
Batting: RHB Sam Daw
|
0-0: Ball 1-0: DOUBLE (Line Drive, 78D, EV 110.6 MPH) Robby Hickman scores Bobby Miles to third
|
Batting: RHB Workneh Lagat
|
0-0: Ball 1-0: Ball 2-0: Ball 3-0: Called Strike 3-1: Base on Balls
|
Batting: RHB Roberto Ruiz
|
0-0: Called Strike 0-1: Called Strike 0-2: Strikes out swinging
|
Batting: RHB Edgar Landim
|
0-0: Ball 1-0: GRAND SLAM HOME RUN (Flyball, 78XD, EV 98.8 MPH), Distance : 382 ft
|
Pitching: RHP Ernie Borden
|
|
Batting: RHB Kyle Burns
|
0-0: Swinging Strike 0-1: Swinging Strike 0-2: Ball 1-2: Strikes out swinging
|
Batting: RHB Tommy Tracy
|
0-0: Ball 1-0: Ball 2-0: Ball 3-0: Base on Balls
|
Batting: RHB Jose Jimenez
|
0-0: Foul Ball, location: 2F 0-1: Fly out, F9 (Flyball, 9S, EV 85.6 MPH)
|
Bottom of the 8th over - 5 runs, 2 hits, 0 errors, 1 left on base; Wisconsin 9 - Peoria 6 |
TOP OF THE 9TH |
Wisconsin Timber Rattlers batting - Pitching for Peoria Chiefs : RHP Alex Apolinar
|
Pitching: LHP Jake Hall
|
|
Batting: RHB Ryan Miller
|
0-0: Ball 1-0: Ball 2-0: Ball 3-0: Base on Balls
|
Batting: LHB Tyler Francis
|
0-0: Swinging Strike 0-1: Fielders Choice at 2nd, 4-6 (Groundball, 4D, EV 86.9 MPH)
|
Batting: SHB Jerry Duffy
|
0-0: SINGLE (Groundball, 56S, EV 63.8 MPH) (infield hit) Tyler Francis to second
|
Batting: LHB John Fortin
|
0-0: Foul Ball, location: 2F 0-1: Ball 1-1: Fly out, F3 (Line Drive, 34, EV 62.5 MPH) Lined into DP, U3 (Line Drive, 34, EV 70.6 MPH)
|
Top of the 9th over - 0 runs, 1 hit, 0 errors, 1 left on base; Wisconsin 9 - Peoria 6 |
BOTTOM OF THE 9TH |
Peoria Chiefs batting - Pitching for Wisconsin Timber Rattlers : RHP Ernie Borden
|
Pitching: RHP Alejandro Souto
|
|
Batting: RHB Robby Hickman
|
0-0: Ball 1-0: Ball 2-0: Foul Ball, location: 2F 2-1: Foul Ball, location: 2F 2-2: Foul Ball, location: 2F 2-2: Ground out 6-3 (Groundball, 6, EV 84.4 MPH)
|
Batting: RHB Bobby Miles
|
0-0: Ball 1-0: Ball 2-0: Ground out 1-3 (Groundball, 13S, EV 64.4 MPH)
|
Batting: RHB Sam Daw
|
0-0: Foul Ball, location: 2F 0-1: Foul Ball, location: 2F 0-2: Ground out 4-3 (Groundball, 4, EV 99.4 MPH)
|
Bottom of the 9th over - 0 runs, 0 hits, 0 errors, 0 left on base; Wisconsin 9 - Peoria 6 |
|